 Dungeon Crawl Stone Soup version 0.31-a0-963-ga325b2283a (webtiles) character file.

Game seed: 6670935326586688787

52 Forgeling the Gusty (level 3, 0/2 HPs)
             Began as an Octopode Air Elementalist on Oct 24, 2023.
             Was a Follower of Vehumet.
             Slain by an adder (2 damage)
             ... on level 2 of the Dungeon.
             The game lasted 00:03:10 (1278 turns).

Forgeling the Gusty (Octopode Air Elementalist)     Turns: 1278, Time: 00:03:10

Health: 0/2        AC:  1    Str:  7    XL:     3   Next: 85%
Magic:  6/6        EV: 13    Int: 19    God:    Vehumet [*.....]
Gold:   109        SH:  0    Dex: 12    Spells: 0/6 levels left

rFire   . . .        e - +1 whip (freeze)
rCold   . . .        (no shield)
rNeg    . . .        (helmet restricted)
rPois   .            (no amulet)
rElec   .            (no ring)
rCorr   .            (no ring)
SInv    .            (no ring)
Will    .....        (no ring)
Stlth   +++          (no ring)
HPRegen 0.20/turn    (no ring)
MPRegen 0.10/turn    (no ring)
                     (no ring)

%: no passive effects
@: maw-form
A: devouring maw, reduced hp, almost no armour, amphibious, 8 rings, camouflage
1, gelatinous body 1, (nimble swimmer 1), tentacles
a: Begin Untransformation, Renounce Religion


You were on level 2 of the Dungeon.
You worshipped Vehumet.
Vehumet was aware of your devotion.
You were a creature with a mouth for a stomach.
You visited 1 branch of the dungeon, and saw 2 of its levels.

You collected 109 gold pieces.

Inventory:

Hand Weapons
 e - a +1 whip of freezing (weapon)
Missiles
 t - 3 poisoned darts
Talismans
 a - a serpent talisman
 b - a maw talisman (active)
Scrolls
 c - 2 scrolls of teleportation {unknown}
Potions
 f - 2 potions of attraction {unknown}
 N - a potion of heal wounds {@q2}
 Q - a potion of magic
 W - a potion of lignification


   Skills:
 - Level 2.0 Dodging
 - Level 2.6 Stealth
 - Level 2.0 Spellcasting
 - Level 1.0 Conjurations
 + Level 4.6 Air Magic


You couldn't memorise any spells.
You knew the following spells:

 Your Spells              Type           Power      Damage    Failure   Level
a - Shock                 Conj/Air       48%        1d6       5%          1
r - Swiftness             Air            19%        N/A       8%          3
v - Static Discharge      Conj/Air       24%        3-4/arc   8%          2

Your spell library contained the following spells:

 Spells                   Type           Power      Damage    Failure   Level
 Foxfire                  Conj/Fire      12%        2x1d4     14%         1
 Airstrike                Air            9%         2d(2-18)  24%         4


Dungeon Overview and Level Annotations

Branches:
Dungeon (2/15)

Altars:
Vehumet

Shops:
D:2 (


Innate Abilities, Weirdness & Mutations

You are a creature with a mouth for a stomach.
Your midsection houses a second, enormous mouth.
Your maximum health is decreased, since you lack skill for your form.
You cannot wear most types of armour.
You are amphibious.
You can wear up to eight rings at the same time.
Your skin changes colour to match your surroundings (Stealth+).
Your rubbery body absorbs attacks. (AC +1, EV +1)
((You are camouflaged when in or above water. (Stealth+)))
You have tentacles for arms and can constrict up to eight enemies at once.


Message History

The kobold hits you with a +0 dagger.
You hit the kobold. You freeze the kobold.
You kill the kobold!
No target in view!
You see here a +0 war axe.
You see here an adder corpse.
Found 8 gold pieces.
Found a maw talisman.
You see here a maw talisman.
b - a maw talisman
Found a faded altar of an unknown god.
There is a faded altar of an unknown god here.
This altar belongs to (a) Jiyva, (b) Ashenzari or (c) Vehumet, but you can't tell which.
Press the corresponding letter to learn more about a god, or press enter to convert or escape to cancel.
Vehumet accepts your prayer! Vehumet welcomes you!
You can now gain magical power from killing.
Vehumet offers you knowledge of Foxfire.
You now have 100 gold pieces (gained 8).
Unknown command.
Unknown command.
Unknown command.
You aren't carrying any wearable armour.
Unknown command.
Unknown command.
You begin transforming.
You continue transforming. x3
You turn into a creature with a mouth for a stomach.
Found a short sword.
c - 2 scrolls labelled YPHIRI CUMUM (gained 1)
You now have 109 gold pieces (gained 9).
An adder comes into view.
The adder hisses angrily.
An adder is nearby!
An adder is nearby!
A worm comes into view.
You hit the adder. You freeze the adder. Your grab misses the adder.
You bite the adder, but do no damage.
The adder is moderately wounded.
The adder bites you.
Ouch! That really hurt!
You die...

## .. .# .#
## .# .. .# #
######.#.##.#
#
#.WS........#
#
#.#####...###
# #.# ...#
#### #.# .w.#
#### #.#
.######รท#
####.##)##..
#....###
#...........
#.......
#.#####.#.#.
#......#
#.........
#.....##


You could see an adder.

Vanquished Creatures
  2 adders (D:2)
  A worm (D:2)
  4 bats
  3 endoplasms (D:1)
  2 goblins (D:1)
  3 hobgoblins (D:1)
  4 jackals (D:2)
  2 kobolds
  3 ball pythons (D:1)
  3 frilled lizards
  2 rats (D:1)
29 creatures vanquished.

Notes
Turn   | Place    | Note
-------+----------+-------------------------------------------
     0 | D:1      | Forgeling the Octopode Air Elementalist began the quest for
                  | the Orb.
     0 | D:1      | Reached XP level 1. HP: 11/11 MP: 3/3
   216 | D:1      | Reached XP level 2. HP: 17/17 MP: 5/5
   725 | D:1      | Reached skill level 4 in Air Magic
   876 | D:2      | Reached XP level 3. HP: 21/21 MP: 6/6
   880 | D:2      | Learned a level 3 spell: Swiftness
   883 | D:2      | Learned a level 2 spell: Static Discharge
  1153 | D:2      | Found Xiewas's Weapon Shop.
  1227 | D:2      | Found a faded altar of an unknown god.
  1230 | D:2      | Prayed at the altar of an unknown god.
  1230 | D:2      | Became a worshipper of Vehumet
  1230 | D:2      | Reached * piety under Vehumet
  1230 | D:2      | Offered knowledge of Foxfire by Vehumet.
  1278 | D:2      | Slain by an adder

Illustrated notes

Levels and vault maps discovered:
D:1:      co_arrival_square_in_a_square_in_a_square, layout_basic,
          nicolae_titane
D:2:      layout_loops_cross, serial_shops, nicolae_shop_gibbet_a_chance,
          hellmonk_ecumenical_altar_inner_sanctum, feat_on_display

Skill      XL: |  1  2 |
---------------+-------+-----
Air Magic      | 4 |  4.6
Dodging        | |  2.0
Stealth        | |  2.6
Spellcasting   | |  2.0
Conjurations   | |  1.0

Action                     || total
---------------------------++-------
  Melee: Unarmed           ||    18
         Constrict         ||    15
         Tentacles         ||     7
         Whip              ||    53
         Maw               ||     1
   Cast: Shock             ||     8
    Use: Scroll            ||     2
   Stab: Sleeping          ||    13
 Armour: Skin              ||    31
  Dodge: Dodged            ||    41
   Form: Maw               ||     1

Table legend: (Time is in decaauts)
 A = Elapsed time spent in this place.
 B = Non-inter-level travel time spent in this place.
 C = Inter-level travel time spent in this place.
 D = Time resting spent in this place.
 E = Time spent auto-exploring this place.
 F = Levels seen in this place.
 G = Mean time per level.
                   A        B        C        D        E       F      G
               +--------+--------+--------+--------+--------+-----+--------+
         Total |   1282 |   1190 |     92 |      0 |    836 |   2 |  641.0 |
       Dungeon |   1282 |   1190 |     92 |      0 |    836 |   2 |  641.0 |
               +--------+--------+--------+--------+--------+-----+--------+

Top non-repeatable levels by time:
     D:1: 820 daAuts
     D:2: 461 daAuts
